 Dungeon Crawl Stone Soup version 0.32-a0-616-g9348d4545b (webtiles) character file.

Game seed: 8008262167646586800

190 ytrimaz the Chopper (level 5, -2/38 HPs)
             Began as a Coglin Gladiator on Mar 5, 2024.
             Slain by an ogre
             ... wielding a +0 giant spiked club
              (13 damage)
             ... on level 4 of the Dungeon.
             The game lasted 00:04:10 (2505 turns).

ytrimaz the Chopper (Coglin Gladiator)              Turns: 2505, Time: 00:04:11

Health: -2/38      AC: 10    Str: 16    XL:     5   Next: 69%
Magic:  5/5        EV:  8    Int:  7    God:
Gold:   107        SH:  0    Dex: 16    Spells: 4/4 levels left

rFire   . . .        p - +16 obsidian axe {drain, demonic, Mesm ^Drain Fly SInv}
rCold   . . .        h - +0 dagger (venom) {José}
rNeg    . . .        m - +0 chain mail
rPois   .            c - +0 helmet
rElec   .            k - +0 cloak
rCorr   .            (no gloves)
SInv    +            (no boots)
Will    .....        (amulet unavailable) Stlth
                     (ring unavailable)
HPRegen 0.26/turn    (ring unavailable)
MPRegen 0.09/turn    (no gizmo)

%: no passive effects
@: flying, mesmerised, revving
A: off-hand wielding, slow wielding, warmup strikes, no jewellery
a: Invent Gizmo


You were on level 4 of the Dungeon.
You visited 1 branch of the dungeon, and saw 4 of its levels.

You collected 195 gold pieces.
You spent 88 gold pieces at shops.


Innate Abilities, Weirdness & Mutations

You can wield a second weapon in your off-hand.
It takes a long time for you to wield or remove held weapons.
Your first few attacks do less damage.
You cannot equip rings or amulets.


   Skills:
 - Level 2.0 Fighting
 + Level 6.2 Axes
 - Level 1.7 Throwing
 - Level 2.6 Dodging


You had 4 spell levels left.
You didn't know any spells.
Your spell library contained the following spells:

 Spells                   Type           Power      Damage    Failure   Level
 Summon Ice Beast         Ice/Summ       0%         N/A       100%        3
 Summon Mana Viper        Hex/Summ       0%         N/A       100%        5
 Monstrous Menagerie      Summ           0%         N/A       100%        7

Inventory:

Hand Weapons
 a - a +1 war axe {Ælfric}
 f - a +0 dagger {Nari}
 h - a +0 dagger of venom (offhand) {José}
   (You took it off a goblin on level 1 of the Dungeon)
 l - a +1 dagger of holy wrath
   (You found it on level 1 of the Dungeon)
 p - the +16 obsidian axe (weapon) {drain, demonic, Mesm ^Drain Fly SInv}
   (You acquired it on level 3 of the Dungeon)

   Mesm:      Its wielder is mesmerised by any visible foes, and it cannot be
   unequipped while any foes are visible.
   SInv:      It lets you see invisible.
   Fly:       It grants you flight.
   ^Drain:    It drains your maximum health when unequipped.
Missiles
 d - 3 throwing nets (quivered)
 e - a javelin
Armour
 c - a +0 helmet (worn)
 k - a +0 cloak (worn)
   (You found it on level 1 of the Dungeon)
 m - a +0 chain mail (worn)
   (You found it on level 1 of the Dungeon)
Wands
 r - a wand of paralysis (13)
   (You found it on level 3 of the Dungeon)
Scrolls
 b - a scroll of fog
 g - a scroll of teleportation
 q - a scroll of blinking
Potions
 i - 2 potions of heal wounds
 j - 2 potions of invisibility
 n - a potion of mutation {unknown}
 o - 2 potions of curing
 u - 2 potions of enlightenment {unknown}

Dungeon Overview and Level Annotations

Branches:
Dungeon (4/15) Zot: 21479  Temple (0/1) D:4

Altars:
Ashenzari
Kikubaaqudgha
Makhleb
Qazlal
Ru
Yredelemnul

Shops:
D:2 ?(=? D:3

= #.......)....#
#.......#...##
##'######...#
#.......######
#..........".#
#...........[#
#......P.....###### #
#.......P.........#....
#......>.P.....@.......
#............4.3O......
...###....P###..........
... ####... #.....#....
#.. +....## ..# #.
#.##.. ## #.# ... #.
....


You could see an ogre (mesmerising, very poisoned, drained, ally target), a
friendly hellwing (summoned) and a friendly neqoxec (summoned).


Message History

There is an open door here.
An orc wizard comes into view. It is wielding a +0 dagger.
Visions of slaying the orc wizard flood into your mind.
The orc wizard shouts!
You hear a shout!
You are no longer entranced.
An orc priest comes into view. It is wielding a +0 short sword.
The orc wizard moves out of view.
An orc priest is nearby!
An orc priest is nearby!
Unknown command.
There is an open door here.
Visions of slaying the orc priest flood into your mind.
The orc priest shouts!
The orc priest casts a cantrip, but nothing happens.
You cannot move away from the orc priest!
Unknown command.
You cannot move away from the orc priest!
Visions of slaying the orc wizard flood into your mind.
An orc comes into view. It is wielding a +0 club.
The orc shouts!
You hit the orc wizard but do no damage.
The orc wizard is poisoned.
You slice the orc wizard with the +16 obsidian axe!!
You break out of your daze!
You kill the orc wizard!
Visions of slaying the orc priest flood into your mind.
Visions of slaying the orc flood into your mind.
Things that are here:
a +0 dagger; a +0 robe; an orc corpse Unknown command.
Visions of slaying the orc priest flood into your mind.
The orc priest invokes the aid of Beogh against you.
You barely resist.
You hit the orc with your +0 dagger of venom.
The orc is poisoned.
You slice the orc with the +16 obsidian axe!!
You kill the orc!
An endoplasm comes into view.
The endoplasm quivers.
The orc priest hits you but does no damage.
You see here a +0 club.
Unknown command.
You closely miss the orc priest with the +16 obsidian axe.
You hit the orc priest with your +0 dagger of venom.
The orc priest is poisoned.
The orc priest hits you with a +0 short sword. 😕 HP[-5]
You take 5 damage, and now have 33/38 hp.
You hit the orc priest but do no damage.
You slash the orc priest with the +16 obsidian axe!
You break out of your daze!
You kill the orc priest!
You barely miss the endoplasm with the +16 obsidian axe.
Visions of slaying the endoplasm flood into your mind.
The endoplasm hits you but does no damage.
Your Axes skill increases to level 6!
Unknown command.
You hit the endoplasm with your +0 dagger of venom.
You slash the endoplasm with the +16 obsidian axe!
You open a gate to Pandemonium!
A demon appears!
You break out of your daze!
You kill the endoplasm!
o - 2 potions of curing (gained 1) 😕 HP[+1] Unknown command.
An orc comes into view.
It is wielding a +0 flail of protection.
Your neqoxec gestures at the orc.
The orc's mind is gnawed upon.
The orc dies! 😕 HP[+2]
You regained 2 hp, and now have 36/38 hp.
You now have 107 gold pieces (gained 13).
There is an open door here.
You see here a +0 flail of protection. 😎 HP[+2]
Your hp is fully restored (38).
As you open the door, it creaks loudly!
Found a staircase to the Ecumenical Temple.
There is an open door here.
An ogre comes into view. It is wielding a +0 giant spiked club.
Visions of slaying the ogre flood into your mind.
An ogre is nearby!
An ogre is nearby!
The ogre barely misses you.
You slash the ogre with the +16 obsidian axe!
You drain the ogre.
You hit the ogre with your +0 dagger of venom.
The ogre is poisoned.
The ogre hits you with a +0 giant spiked club!!
Ouch! That really hurt!
* * * LOW HITPOINT WARNING * * *
😨 HP[-28]
You take 28 damage, and now have 10/38 hp.
MASSIVE DAMAGE!! (PAUSE)
You slash the ogre with the +16 obsidian axe!
You open a gate to Pandemonium!
A demon appears!
You barely miss the ogre with your +0 dagger of venom.
Your neqoxec hits the ogre but does no damage.
The ogre hits you with a +0 giant spiked club!
You die...

Skill      XL: |  1  2  3  4  5 |
---------------+----------------+-----
Axes           | 4 5 6 |  6.2
Fighting       | |  2.0
Throwing       | |  1.7
Dodging        | |  2.6

Action                     |  1- 3 |  4- 6 || total
---------------------------+-------+-------++-------
  Melee: War axe           |    57 |    48 ||   105
         Dagger            |    46 |    52 ||    98
         Broad axe         |       |     8 ||     8
    Use: Scroll            |       |    11 ||    11
   Stab: Sleeping          |     2 |       ||     2
 Armour: Leather armour    |    11 |       ||    11
         Chain mail        |    35 |    41 ||    76
  Dodge: Dodged            |    34 |    25 ||    59

Levels and vault maps discovered:
D:1:      minmay_arrival_doors, layout_basic,
          hellmonk_ecumenical_altar_dog_temple
D:2:      layout_rooms, serial_shops, nicolae_shop_stone, shop, shop,
          nicolae_shop_mannequins, minmay_misc_feat_four_crosses, uniq_terence
D:3:      layout_basic, overflow_temple_1_default,
          nicolae_overflow_hallway_of_the_gods, serial_shops, shop
D:4:      nicolae_cairo_tiling_large_dashed, layout_gridville,
          minmay_temple_entry_overgrown, uniq_blork_the_orc

Notes
Turn   | Place    | Note
-------+----------+-------------------------------------------
     0 | D:1      | ytrimaz the Coglin Gladiator began the quest for the Orb.
     0 | D:1      | Reached XP level 1. HP: 16/16 MP: 1/1
     0 | D:1      | magus.rc [v1.9.6]
   132 | D:1      | Reached XP level 2. HP: 22/22 MP: 2/2
   342 | D:1      | Reached skill level 4 in Axes
   448 | D:1      | Reached XP level 3. HP: 20/27 MP: 3/3
   511 | D:1      | Found a faded altar of an unknown god.
  1009 | D:2      | Found Maseck's Magic Scroll Shoppe.
  1021 | D:2      | Bought a scroll of identify for 22 gold pieces
  1021 | D:2      | Bought a scroll of identify for 22 gold pieces
  1021 | D:2      | Bought a scroll of identify for 22 gold pieces
  1021 | D:2      | Bought a scroll of identify for 22 gold pieces
  1031 | D:2      | Noticed Terence
  1041 | D:2      | Killed Terence
  1042 | D:2      | Reached skill level 5 in Axes
  1042 | D:2      | Reached XP level 4. HP: 28/33 MP: 4/4
  1045 | D:2      | Found Qeskerosch's Jewellery Emporium.
  1092 | D:2      | You pick up a book of Beasts and begin reading...
  1092 | D:2      | You add the spells Summon Ice Beast, Summon Mana Viper and
                  | Monstrous Menagerie to your library.
  1179 | D:2      | Found Masunk's Magic Scroll Shop.
  1242 | D:2      | Found Ebbept's Weapon Shop.
  1242 | D:2      | Noticed a +0 demon trident
  1242 | D:2      | Noticed a +0 rapier
  1663 | D:3      | Found a burning altar of Makhleb.
  1689 | D:3      | Found a sacrificial altar of Ru.
  1696 | D:3      | Found a basalt altar of Yredelemnul.
  1697 | D:3      | Found a stormy altar of Qazlal.
  1703 | D:3      | Found a broken altar of Ashenzari.
  1758 | D:3      | Found Xewkikk's Jewellery Shop.
  1763 | D:3      | Found an ancient bone altar of Kikubaaqudgha.
  1890 | D:3      | Reached XP level 5. HP: 38/38 MP: 5/5
  1898 | D:3      | Identified a scroll of acquirement
  1898 | D:3      | Acquired the +16 obsidian axe {drain, demonic, Mesm ^Drain
                  | Fly SInv}
  1898 | D:3      | Found the +16 obsidian axe {drain, demonic, Mesm ^Drain Fly
                  | SInv}
  2458 | D:4      | Reached skill level 6 in Axes
  2489 | D:4      | Found a staircase to the Ecumenical Temple.
  2500 | D:4      | Noticed an ogre
  2505 | D:4      | Slain by an ogre

Vanquished Creatures
  An orc priest (D:4)
  An orc wizard (D:4)
  Terence (D:2)
  3 gnolls (D:3)
  An adder (D:2)
  3 dart slugs (D:1)
  4 ribbon worms (D:3)
  An orc (D:4)
  7 endoplasms
  2 giant cockroaches
  5 goblins
  A hobgoblin (D:1)
  5 jackals (D:1)
  A quokka (D:2)
  7 ball pythons
  6 bats
  A frilled lizard (D:3)
  5 kobolds
  5 rats
60 creatures vanquished.

Vanquished Creatures (collateral kills)
  An orc (D:4)
1 creature vanquished.

Grand Total: 61 creatures vanquished

Table legend:
 A = Non-vault XP
 B = Vault XP
 C = Vault XP percentage of total XP
 D = Non-vault monster count
 E = Vault monster count
 F = Vault count percentage of total count
                 A         B        C        D         E       F
            +---------+---------+-------+---------+---------+-------
      Total |     236 |      36 |  13.2 |      58 |       3 |   4.9
            +---------+---------+-------+---------+---------+-------
        D:1 |      51 |       4 |   7.3 |      26 |       2 |   7.1
        D:2 |      29 |      32 |  52.5 |      11 |       1 |   8.3
        D:3 |      72 |       0 |   0.0 |      16 |       0 |   0.0
        D:4 |      84 |       0 |   0.0 |       5 |       0 |   0.0
            +---------+---------+-------+---------+---------+-------

Skill      XL: |  1  2  3  4  5 |
---------------+----------------+-----
Axes           | 4 5 6 |  6.2
Fighting       | |  2.0
Throwing       | |  1.7
Dodging        | |  2.6

Action                     |  1- 3 |  4- 6 || total
---------------------------+-------+-------++-------
  Melee: War axe           |    57 |    48 ||   105
         Dagger            |    46 |    52 ||    98
         Broad axe         |       |     8 ||     8
    Use: Scroll            |       |    11 ||    11
   Stab: Sleeping          |     2 |       ||     2
 Armour: Leather armour    |    11 |       ||    11
         Chain mail        |    35 |    41 ||    76
  Dodge: Dodged            |    34 |    25 ||    59

Illustrated notes

Table legend:
 A = Kills in this place as a percentage of kills in the entire game.
 B = Kills by you in this place as a percentage of kills by you in the entire game.
 C = Kills by friends in this place as a percentage of kills by friends in the entire game.
 D = Other kills in this place as a percentage of other kills in the entire game.
 E = Experience gained in this place as a percentage of experience gained in the entire game.
 F = Experience gained in this place divided by the number of levels of this place that you have seen.
                   A       B       C       D       E      F
               +-------+-------+-------+-------+-------+----------------------
         Total | 100.0 | 100.0 | 100.0 |   N/A | 100.0 |  68.0
       Dungeon | 100.0 | 100.0 | 100.0 |   N/A | 100.0 |  68.0
               +-------+-------+-------+-------+-------+----------------------

Table legend: (Time is in decaauts)
 A = Elapsed time spent in this place.
 B = Non-inter-level travel time spent in this place.
 C = Inter-level travel time spent in this place.
 D = Time resting spent in this place.
 E = Time spent auto-exploring this place.
 F = Levels seen in this place.
 G = Mean time per level.
                   A        B        C        D        E       F      G
               +--------+--------+--------+--------+--------+-----+--------+
         Total |   2519 |   2453 |     66 |    100 |   1827 |   4 |  629.8 |
       Dungeon |   2519 |   2453 |     66 |    100 |   1827 |   4 |  629.8 |
               +--------+--------+--------+--------+--------+-----+--------+

Top non-repeatable levels by time:
     D:3: 1032 daAuts
     D:1: 1016 daAuts
     D:2: 404 daAuts
     D:4: 66 daAuts
